 Dungeon Crawl Stone Soup version 0.23.0 (console) character file.

Game seed: 12685298645250492165

33097 Garrluk the Severer (level 13, -12/109 HPs)
             Began as a Deep Dwarf Fighter on Feb 17, 2019.
             Was a High Priest of Makhleb.
             Mangled by an ettin (26 damage)
             ... on level 6 of the Lair of Beasts.
             The game lasted 00:35:16 (4600 turns).

Garrluk the Severer (Deep Dwarf Fighter)            Turns: 4600, Time: 00:35:16

Health: -12/109    AC: 19    Str: 22 (25) XL:     13   Next: 34%
Magic:  16/16      EV:  5    Int: 10 (12) God:    Makhleb [*****.]
Gold:   463        SH: 13    Dex: 22 (23) Spells: 12/12 levels left

rFire    . . .     SeeInvis +   l - +0 broad axe (venom)
rCold    + . .     Gourm    .   c - +0 shield
rNeg     . . .     Faith    .   u - +0 plate armour
rPois    .         Spirit   .   p - +3 crown of Dyrovepreva {rElec Int+2 SInv}
rElec    +         Reflect  +   w - +0 cloak
rCorr    .         Harm     .   v - +0 pair of gloves (curse)
MR       ++...                  s - +0 pair of boots
Stlth    ..........             j - +2 amulet of reflection
HPRegen  0.00/turn              i - ring of Summer {rC+ Dex+5 SInv}
MPRegen  0.15/turn              d - ring "Tycryew" {MR+ Str+5 Dex+2}

@: non-regenerating
A: damage resistance, heal wounds, sense surroundings 2, no regeneration
a: Heal Wounds, Minor Destruction, Lesser Servant of Makhleb, Major Destruction,
Greater Servant of Makhleb, Renounce Religion


You were on level 6 of the Lair of Beasts.
You worshipped Makhleb.
Makhleb was extremely pleased with you.
You were not hungry.

You visited 3 branches of the dungeon, and saw 16 of its levels.
You also visited: Gauntlet.

You collected 463 gold pieces.

Inventory:

Hand Weapons
 a - a +1 war axe
 l - a +0 broad axe of venom (weapon)
Armour
 c - a +0 shield (worn)
 p - the +3 crown of Dyrovepreva (worn) {rElec Int+2 SInv}
   (You found it in a Gauntlet)

   It affects your intelligence (+2).
   It insulates you from electricity.
   It lets you see invisible.
 s - a +0 pair of boots (worn)
 u - a +0 plate armour (worn)
 v - a cursed +0 pair of gloves (worn)
 w - a +0 cloak (worn)
Jewellery
 d - the ring "Tycryew" (right hand) {MR+ Str+5 Dex+2}
   (You took it off an orc on level 5 of the Dungeon)

   [ring of protection from magic]

   It affects your strength (+5).
   It affects your dexterity (+2).
   It affects your resistance to hostile enchantments.
 e - a +2 ring of protection
 i - the ring of Summer (left hand) {rC+ Dex+5 SInv}
   (You found it in a Gauntlet)

   [ring of see invisible]

   It affects your dexterity (+5).
   It protects you from cold.
   It lets you see invisible.
 j - a +2 amulet of reflection (around neck)
 n - an uncursed ring of resist corrosion
 t - an uncursed ring of wizardry
 F - an uncursed ring of flight
Wands
 k - a wand of acid (5)
 x - a wand of polymorph (8)
Scrolls
 b - 3 scrolls of teleportation
 g - 3 scrolls of identify
 h - 2 scrolls of enchant weapon
 o - 4 scrolls of remove curse
 y - 3 scrolls of blinking
 A - a scroll of fog
 B - a scroll of magic mapping
 D - a scroll of silence {unknown}
 G - a scroll of vulnerability {unknown}
Potions
 m - a potion of curing
 r - 2 potions of brilliance
 E - a potion of haste
 H - a potion of might
Miscellaneous
 z - a box of beasts
Comestibles
 f - 16 rations


   Skills:
 + Level 5.3 Fighting
 * Level 16.4 Axes
 + Level 6.5 Armour
 + Level 6.5 Shields
 + Level 12.1 Invocations
 + Level 13.6 Evocations


You had 12 spell levels left.
You didn't know any spells.
Your spell library contained the following spells:

 Spells                   Type           Power        Failure   Level  Hunger
 Confusing Touch          Hex            #.....       100%        1    ##.....
 Shock                    Conj/Air       #...         100%        1    ##.....
 Corpse Rot               Necr           N/A          100%        2    ###....
 Sublimation of Blood     Necr           #.........   100%        2    ###....
 Swiftness                Chrm/Air       #.......     100%        2    ###....
 Confuse                  Hex            #.......     100%        3    ####...
 Gell's Gravitas          Tloc           #.........   100%        3    ####...
 Static Discharge         Conj/Air       #.......     100%        3    ####...
 Airstrike                Air            #.........   100%        4    #####..
 Petrify                  Tmut/Erth      #.......     100%        4    #####..
 Agony                    Necr           #.......     100%        5    ######.
 Bolt of Draining         Conj/Necr      #.........   100%        5    ######.
 Dispel Undead            Necr           #.......     100%        5    ######.
 Excruciating Wounds      Chrm/Necr      #.........   100%        5    ######.
 Lightning Bolt           Conj/Air       #.........   100%        5    ######.
 Metabolic Englaciation   Hex/Ice        #.........   100%        5    ######.
 Yara's Violent Unravell  Hex/Tmut       #.........   100%        5    ######.


Dungeon Overview and Level Annotations

Branches:
Dungeon (9/15)             Temple (1/1) D:5            Lair (6/6) D:8
  Swamp (0/4) Lair:2        Snake (0/4) Lair:2
  Slime: Lair:5-6       Orc: D:9-12

Altars:
Ashenzari
Fedhas
Gozag
Hepliaklqana
Kikubaaqudgha
Makhleb
Okawaru
Sif Muna
Uskayaw
Zin
The Shining One

Annotations:
D:7 Murks's ghost, novice NaGl
Lair:2 exclusion: oklob plant
Lair:5 3 runed translucent doors, mora's ghost, journeyman OgFE


Innate Abilities, Weirdness & Mutations

You are resistant to damage.
You can heal yourself by infusing magical energy.
You passively map the area around you.
You do not regenerate.


Message History

Aim: a five-headed hydra (lightly wounded, chance to defeat MR: 44%)
The five-headed hydra evaporates and reforms as an ettin!
You hit the ettin.
The ettin is poisoned.
The ettin is lightly wounded.
The ettin hits you!! x2
* * * LOW HITPOINT WARNING * * *
You barely miss the ettin.
The ettin is lightly wounded.
You block the ettin's attack. x2
You feel much better. The ettin hits you!!
The ettin hits you but does no damage.
You slash the ettin!
The ettin looks as sick as possible!
The ettin is heavily wounded.
The ettin hits you!!
* * * LOW HITPOINT WARNING * * *
The ettin hits you.
* * * LOW HITPOINT WARNING * * *
You feel much better. The ettin hits you!!
* * * LOW HITPOINT WARNING * * *
The ettin hits you!!
You die...

, , , * , , ,, ** ,,, *
,, , , , , , #.....#
##......... .... ,,
.#....# #.......#.. ....
#.....####.....#..,.....
##..... #..P....# .....
* #....#*
#.......##...... *
.....#####.##..#.#......
.†....#P#......†C.......
*
.÷..............@†......
, *
.#..###..###......#..P.#
####.##### ######## ,###
* ## **


You could see an ettin.

Vanquished Creatures
  A minotaur (Gauntlet)
  3 hydras
  A two-headed ogre (D:8)
  A lindwurm (Lair:6)
  An orange crystal statue (Gauntlet)
  Pikel (D:5)
  3 elephants (Lair:5)
  A molten gargoyle (Lair:6)
  4 black mambas (Lair:6)
  9 spiny frogs
  A rime drake (Lair:4)
  A kobold demonologist (D:8)
  6 komodo dragons
  A minotaur zombie (Gauntlet)
  A queen bee (D:8)
  Prince Ribbit (D:5)
  6 hippogriffs
  22 blink frogs
  3 small abominations (Gauntlet)
  9 dream sheep
  2 wyverns
  5 basilisks
  23 yaks
  3 wargs (D:8)
  8 water moccasins
  4 hell hounds
  3 porcupines
  A sky beast (D:9)
  A phantom (D:6)
  3 centaurs
  2 ogres (D:8)
  16 wolves
  16 crocodiles
  Blork the orc (D:5)
  16 big kobolds (D:8)
  4 bullfrogs
  A wyvern zombie (D:7)
  3 scorpions
  21 killer bees (D:8)
  A howler monkey (D:5)
  3 bullfrog skeletons
  6 hounds
  2 orc priests
  2 orc wizards (D:8)
  3 worker ants
  2 hound zombies
  A hound skeleton (D:3)
  7 adders
  4 gnolls (D:7)
  A shadow imp (D:8)
  A worm (D:5)
  An adder skeleton (D:6)
  5 leopard geckos
  14 orcs
  A giant cockroach (D:3)
  4 goblins (D:3)
  2 hobgoblins (D:3)
  2 jackals (D:6)
  10 kobolds
  2 quokkas
  2 ball pythons
  3 frilled lizards
  2 quokka skeletons
  2 rats (D:3)
  3 fungi
  2 plants
297 creatures vanquished.

Vanquished Creatures (collateral kills)
  A hydra (Lair:6)
  A spiny frog (Lair:6)
  A blink frog (Lair:6)
  A steam dragon (Lair:6)
  A crocodile (Lair:6)
5 creatures vanquished.

Vanquished Creatures (others)
  A sky beast (D:5)
  9 fungi
  5 plants
  7 toadstools (D:4)
22 creatures vanquished.

Grand Total: 324 creatures vanquished

Notes
Turn   | Place    | Note
-------+----------+-------------------------------------------
     0 | D:1      | Garrluk the Deep Dwarf Fighter began the quest for the Orb.
     0 | D:1      | Reached XP level 1. HP: 20/20 MP: 1/1
    21 | D:2      | Reached skill level 3 in Axes
    21 | D:2      | Reached XP level 2. HP: 27/27 MP: 2/2
    22 | D:2      | Found a glowing silver altar of Zin.
    23 | D:2      | Found an opulent altar of Gozag.
   125 | D:3      | Reached XP level 3. HP: 33/33 MP: 3/3
   127 | D:3      | Reached skill level 4 in Axes
   213 | D:3      | Found a shattered altar of Ashenzari.
   375 | D:4      | Found an iron altar of Okawaru.
   519 | D:4      | Reached XP level 4. HP: 37/40 MP: 4/4
   568 | D:5      | Entered Level 5 of the Dungeon
   639 | D:7      | Reached skill level 5 in Axes
   639 | D:7      | Reached skill level 1 in Evocations
   653 | D:7      | Reached XP level 5. HP: 44/46 MP: 6/6
   662 | D:7      | Reached skill level 6 in Axes
   694 | D:7      | Noticed Murks's ghost (novice NaGl)
   736 | D:6      | Reached XP level 6. HP: 29/55 MP: 8/8
   914 | D:5      | Identified the ring "Tycryew" {MR+ Str+5 Dex+2}
   915 | D:5      | Noticed Blork the orc
   932 | D:5      | Noticed a sky beast
   946 | D:5      | Killed a sky beast
   958 | D:5      | Killed Blork the orc
   958 | D:5      | Reached skill level 7 in Axes
  1043 | D:4      | Found a blossoming altar of Fedhas.
  1045 | D:4      | Found an ancient bone altar of Kikubaaqudgha.
  1083 | D:5      | Noticed Prince Ribbit
  1094 | D:5      | Killed Prince Ribbit
  1094 | D:5      | Reached skill level 5 in Evocations
  1094 | D:5      | Reached XP level 7. HP: 36/61 MP: 9/9
  1128 | D:5      | Found a staircase to the Ecumenical Temple.
  1135 | D:5      | Reached skill level 8 in Axes
  1143 | D:5      | Noticed Pikel
  1168 | D:5      | Killed Pikel
  1168 | D:5      | Reached skill level 9 in Axes
  1168 | D:5      | Reached XP level 8. HP: 44/68 MP: 10/10
  1181 | Temple   | Entered the Ecumenical Temple
  1188 | Temple   | Became a worshipper of Makhleb the Destroyer
  1392 | D:7      | Reached skill level 1 in Invocations
  1417 | D:7      | Found a hide-covered altar of Uskayaw.
  1487 | D:8      | Reached skill level 10 in Axes
  1549 | D:8      | Noticed a two-headed ogre
  1555 | D:8      | Killed a two-headed ogre
  1555 | D:8      | Gained mutation: You passively map the area around you.
                  | [Deep Dwarf growth]
  1555 | D:8      | Reached XP level 9. HP: 59/74 MP: 11/13
  1570 | D:8      | Reached skill level 11 in Axes
  1593 | D:8      | Found a staircase to the Lair.
  1613 | Lair:1   | Entered Level 1 of the Lair of Beasts
  1616 | Lair:1   | Noticed a spiny frog
  1632 | Lair:1   | Killed a spiny frog
  1632 | Lair:1   | Reached skill level 5 in Invocations
  1663 | D:8      | Noticed a kobold demonologist
  1684 | D:8      | Killed a kobold demonologist
  1684 | D:8      | Reached skill level 12 in Axes
  1700 | D:8      | Reached * piety under Makhleb
  1703 | D:8      | Reached XP level 10. HP: 35/81 MP: 15/15
  1772 | D:8      | Reached skill level 10 in Evocations
  1799 | D:8      | Reached ** piety under Makhleb
  1937 | D:8      | Reached skill level 13 in Axes
  2067 | D:8      | Found a deep blue altar of Sif Muna.
  2324 | Lair:2   | Noticed a black mamba
  2400 | Lair:2   | Found a staircase to the Swamp.
  2401 | Lair:2   | Noticed a spiny frog
  2412 | Lair:2   | Killed a spiny frog
  2415 | Lair:2   | Noticed a spiny frog
  2427 | Lair:2   | Killed a spiny frog
  2469 | Lair:2   | Reached XP level 11. HP: 38/88 MP: 16/16
  2574 | Lair:2   | Noticed an eight-headed hydra
  2574 | Lair:2   | Noticed a six-headed hydra
  2574 | Lair:2   | Noticed an oklob plant
  2609 | Lair:2   | Killed a 19-headed hydra
  2624 | Lair:2   | Killed a six-headed hydra
  2624 | Lair:2   | Reached skill level 14 in Axes
  2647 | Lair:2   | Found a gate leading to a gauntlet.
  2670 | Gauntlet | Entered a Gauntlet
  2670 | Gauntlet | Found a transporter.
  2670 | Gauntlet | Noticed a red ugly thing
  2670 | Gauntlet | Noticed a white ugly thing
  2676 | Gauntlet | Noticed a death yak
  2677 | Gauntlet | Noticed a death yak
  2677 | Gauntlet | Noticed a death yak
  2678 | Gauntlet | Noticed a death yak
  2679 | Gauntlet | Found a transporter.
  2679 | Gauntlet | Noticed a necromancer
  2681 | Gauntlet | Noticed a glowing orange brain
  2682 | Gauntlet | Found a transporter.
  2685 | Gauntlet | Found a transporter.
  2691 | Gauntlet | Noticed an obsidian statue
  2692 | Gauntlet | Found a transporter.
  2692 | Gauntlet | Found a transporter.
  2693 | Gauntlet | Noticed a white ugly thing
  2694 | Gauntlet | Found a transporter.
  2695 | Gauntlet | Found a transporter.
  2696 | Gauntlet | Noticed a great orb of eyes
  2715 | Gauntlet | Found a transporter.
  2715 | Gauntlet | Noticed an orange crystal statue
  2732 | Gauntlet | Found a transporter.
  2736 | Gauntlet | Found a transporter.
  2737 | Gauntlet | Found the +3 crown of Dyrovepreva {rElec Int+2 SInv}
  2749 | Gauntlet | Found a transporter.
  2777 | Gauntlet | Noticed a glowing orange brain
  2800 | Gauntlet | Noticed a wizard
  2809 | Gauntlet | Killed an orange crystal statue
  2843 | Gauntlet | Got a vibrating marble ring
  2845 | Gauntlet | Identified the ring of Summer {rC+ Dex+5 SInv} (You found
                  | it in a Gauntlet)
  2867 | Gauntlet | Identified the amulet "Ithrek Fae" {Spirit SInv}
  2867 | Gauntlet | Noticed a minotaur
  2891 | Gauntlet | Killed a minotaur
  2909 | Gauntlet | Reached skill level 10 in Invocations
  2972 | Lair:2   | Reached *** piety under Makhleb
  3164 | Lair:3   | Reached skill level 15 in Axes
  3357 | Lair:3   | Reached XP level 12. HP: 49/97 MP: 15/15
  3538 | Lair:2   | Found a staircase to the Snake Pit.
  3623 | Lair:3   | Reached **** piety under Makhleb
  3698 | Lair:4   | Noticed a seven-headed hydra
  3704 | Lair:4   | Killed a seven-headed hydra
  3763 | Lair:4   | Reached skill level 5 in Armour
  3764 | Lair:4   | Reached skill level 5 in Shields
  3986 | Lair:5   | Found a runed translucent gate.
  3986 | Lair:5   | Found a runed translucent gate.
  3986 | Lair:5   | Found a runed translucent gate.
  3990 | Lair:5   | Noticed mora's ghost (journeyman OgFE)
  4020 | Lair:5   | Reached skill level 16 in Axes
  4088 | Lair:6   | Entered Level 6 of the Lair of Beasts
  4110 | Lair:6   | Reached ***** piety under Makhleb
  4110 | Lair:6   | Reached XP level 13. HP: 106/108 MP: 15/17
  4242 | Lair:5   | Reached skill level 5 in Fighting
  4595 | Lair:6   | Noticed an ettin
  4595 | Lair:6   | a five-headed hydra changed into an ettin
  4600 | Lair:6   | Mangled by an ettin

Skill      XL: |  1  2  3  4  5  6  7  8  9 10 11 12 13 |
---------------+----------------------------------------+-----
Axes           | 3 4 5 6 7 9 10 12 13 15 16 | 16.4
Evocations     | 2 3 5 6 8 9 11 12 13 | 13.6
Invocations    | 4 6 8 10 11 12 | 12.1
Fighting       | 3 4 5 |  5.3
Shields        | 5 6 |  6.5
Armour         | 5 6 |  6.5

Action                   |  1- 3 |  4- 6 |  7- 9 | 10-12 | 13-15 || total
-------------------------+-------+-------+-------+-------+-------++-------
Melee: War axe           |    78 |   122 |    99 |       |       ||   299
       Broad axe         |       |       |    75 |   556 |   131 ||   762
Invok: Minor Destruction |       |       |       |     8 |     1 ||     9
       Major Destruction |       |       |       |       |     1 ||     1
 Abil: Heal Wounds       |       |     4 |     4 |    13 |     8 ||    29
Evoke: Wand              |       |       |     3 |    20 |     2 ||    25
       Box of beasts     |       |       |       |       |     1 ||     1
  Use: Potion            |       |     1 |     2 |     6 |     2 ||    11
       Scroll            |       |       |     5 |     5 |       ||    10
 Stab: Paralysed         |       |       |       |    13 |       ||    13
  Eat: Chunk             |       |     1 |     2 |     6 |     2 ||    11
       Ration            |       |       |       |     1 |       ||     1
Armor: Scale mail        |    36 |    33 |       |       |       ||    69
       Chain mail        |       |    32 |    42 |       |       ||    74
       Plate armour      |       |       |    55 |   350 |    76 ||   481
       Skin              |       |       |       |     4 |       ||     4
Dodge: Dodged            |    28 |    25 |    31 |    89 |    30 ||   203
Block: Shield            |    42 |    80 |   108 |   457 |   109 ||   796
       Reflection        |       |     1 |     2 |     8 |       ||    11
